 Dungeon Crawl Stone Soup version 0.23-a0-644-gb60d84b (webtiles) character file.

366 Borgoz the Ruffian (level 6, -6/50 HPs)
             Began as a Ghoul Gladiator on Jan 1, 2019.
             Mangled by an orc warrior
             ... wielding a +0 dire flail
              (31 damage)
             ... on level 4 of the Dungeon.
             The game lasted 00:05:19 (2411 turns).

Borgoz the Ruffian (Ghoul Gladiator)                Turns: 2411, Time: 00:05:19

Health: -6/50      AC:  7    Str: 23    XL:     6   Next: 68%
Magic:  5/5        EV: 13    Int:  3    God:
Gold:   156        SH:  0    Dex: 12    Spells: 5/5 levels left

rFire    . . .     SeeInvis .     - Unarmed
rCold    + . .     Gourm    .   (no shield)
rNeg     + + +     Faith    .   a - +0 leather armour
rPois    ∞         Spirit   .   b - +0 helmet
rElec    .         Reflect  .   (no cloak)
rCorr    .         Harm     .   (no gloves)
MR       .....                  g - +2 pair of boots
Stlth    +.........             (no amulet)
HPRegen  0.00/turn              (no ring)
MPRegen  0.09/turn              (no ring)

@: mighty, rotting
A: rotting body, claws 1, carnivore, cold resistance 1, negative energy
resistance 3, inhibited regeneration, torment resistance, unbreathing
a: no special abilities


You were on level 4 of the Dungeon.
You were not hungry.

You visited 1 branch of the dungeon, and saw 4 of its levels.

You collected 156 gold pieces.

Inventory:

Missiles
 c - 3 throwing nets (quivered)
Armour
 a - a +0 leather armour (worn)
 b - a +0 helmet (worn)
 g - a +2 pair of boots (worn)
 l - a +0 scale mail
Jewellery
 f - a cursed ring of attention {unknown}
 r - an uncursed ring of protection from magic {unknown}
Wands
 u - a wand of acid (5)
Scrolls
 e - a scroll of identify {unknown}
 h - a scroll of random uselessness {unknown}
 j - a scroll of noise {unknown}
 m - a scroll of amnesia {unknown}
 n - a scroll of enchant armour {unknown}
 o - a scroll of remove curse {unknown}
 p - 3 scrolls of teleportation {unknown}
 s - a scroll of fog {unknown}
Potions
 i - 2 potions of degeneration {unknown}
 k - a potion of might
 q - 2 potions of curing {unknown}
 t - a potion of magic {unknown}
 v - 2 potions of flight {unknown}
Comestibles
 d - 6 rations


   Skills:
 + Level 2.7 Fighting
 - Level 1.7 Throwing
 + Level 2.0 Armour
 + Level 3.7 Dodging
 + Level 6.5 Unarmed Combat


You had 5 spell levels left.
You didn't know any spells.
Your spell library was empty.

Dungeon Overview and Level Annotations

Branches:
Dungeon (4/15)
 Temple: D:4-7

Altars:
Kikubaaqudgha
Nemelex Xobeh
Ru
Trog
Vehumet


Innate Abilities, Weirdness & Mutations

Your body is rotting away.
You thrive on raw meat.
You are immune to poison.
You have sharp fingernails.
You are carnivorous and can eat meat at any time.
Your flesh is cold resistant. (rC+)
You are immune to negative energy. (rN+++)
You do not regenerate when monsters are visible.
You are immune to unholy pain and torment.
You can survive without breathing.


Message History

The orc wizard is severely wounded.
An orc wizard comes into view. It is wielding a +0 dagger.
You miss the orc wizard.
The orc wizard is severely wounded.
The orc warrior drinks a potion.
The orc warrior seems to grow stronger.
The orc wizard casts a spell at you. The puff of flame hits you!
The orc wizard gestures at you while chanting.
The puff of frost hits you!
The orc warrior throws a stone.
The stone hits you!
You feel very mighty all of a sudden.
You claw the orc wizard!
You kill the orc wizard!
The orc warrior throws a stone.
The stone hits you!
You barely miss the orc wizard. You closely miss the orc warrior.
You mangle the orc warrior!!
The orc warrior is severely wounded.
The orc warrior hits you with a +0 dire flail!!
Ouch! That really hurt!
You die...

'############
##........
...........
.......... .........
.......... .....o.
.......... .....
.......... .o.
.......... #.#
##........
#.##################
#oo@................
####################


You could see an orc warrior and an orc wizard.

Vanquished Creatures
  An ogre (D:4)
  A scorpion (D:4)
  2 orc wizards
  A worker ant (D:4)
  6 adders
  A worm (D:4)
  4 leopard geckos
  7 orcs
  10 bats
  4 giant cockroaches
  12 hobgoblins
  7 jackals
  9 kobolds
  2 quokkas
  A ball python (D:1)
  4 frilled lizards
  10 goblins
  9 rats
91 creatures vanquished.

Notes
Turn   | Place    | Note
-------+----------+-------------------------------------------
     0 | D:1      | Borgoz the Ghoul Gladiator began the quest for the Orb.
     0 | D:1      | Reached XP level 1. HP: 17/17 MP: 0/0
    33 | D:1      | Reached XP level 2. HP: 22/23 MP: 1/1
   330 | D:1      | Reached skill level 4 in Unarmed Combat
   345 | D:1      | Reached XP level 3. HP: 29/30 MP: 2/2
   822 | D:2      | Reached XP level 4. HP: 37/37 MP: 3/3
  1097 | D:2      | Found a sparkling altar of Nemelex Xobeh.
  1140 | D:2      | Reached skill level 5 in Unarmed Combat
  1578 | D:3      | Reached skill level 1 in Armour
  1578 | D:3      | Reached XP level 5. HP: 32/42 MP: 4/4
  1691 | D:3      | Found a sacrificial altar of Ru.
  1707 | D:3      | Found a bloodstained altar of Trog.
  1710 | D:3      | Found an ancient bone altar of Kikubaaqudgha.
  1712 | D:3      | Found a radiant altar of Vehumet.
  2215 | D:4      | Reached skill level 6 in Unarmed Combat
  2215 | D:4      | Reached XP level 6. HP: 40/50 MP: 5/5
  2399 | D:4      | Noticed an orc warrior
  2411 | D:4      | Mangled by an orc warrior

Vault maps used:
D:1:      minmay_arrival_stone_box, hangedman_abyss_or_decor_stabs
D:2:      nicolae_overflow_crystal_walls, minmay_split_cup_small
D:3:      minitemple, grunt_ministairs_14

Skill      XL: |  1  2  3  4  5  6 |
---------------+-------------------+-----
Dodging        | 3 |  3.7
Unarmed Combat | 4 5 6 |  6.5
Armour         | 1 2 |  2.0
Fighting       | |  2.7
Throwing       | |  1.7

Action                   |  1- 3 |  4- 6 || total
-------------------------+-------+-------++-------
Melee: Unarmed           |   100 |   170 ||   270
       Punch             |     1 |     5 ||     6
  Use: Potion            |       |     1 ||     1
  Eat: Chunk             |     7 |    14 ||    21
Armor: Leather armour    |    36 |    67 ||   103
Dodge: Dodged            |    69 |    92 ||   161

Table legend:
 A = Non-vault XP
 B = Vault XP
 C = Vault XP percentage of total XP
 D = Non-vault monster count
 E = Vault monster count
 F = Vault count percentage of total count
                 A         B        C        D         E       F
            +---------+---------+-------+---------+---------+-------
      Total |     516 |       8 |   1.5 |      86 |       5 |   5.5
            +---------+---------+-------+---------+---------+-------
        D:1 |      48 |       0 |   0.0 |      30 |       0 |   0.0
        D:2 |      84 |       4 |   4.5 |      30 |       3 |   9.1
        D:3 |      89 |       4 |   4.3 |      19 |       2 |   9.5
        D:4 |     295 |       0 |   0.0 |       7 |       0 |   0.0
            +---------+---------+-------+---------+---------+-------
